 Dungeon Crawl Stone Soup version 0.23.1 (webtiles) character file.

Game seed: 0

1057 Borgoz the Sneak (level 8, 0/56 (59) HPs)
             Began as a Ghoul Enchanter on Mar 14, 2019.
             Was an Initiate of Ashenzari.
             Slain by an iron imp (7 damage)
             ... summoned by Eustachio
             ... on level 5 of the Dungeon.
             The game lasted 00:21:33 (8004 turns).

Borgoz the Sneak (Ghoul Enchanter)                  Turns: 8004, Time: 00:21:33

HP:   0/56 (59)     AC:  8    Str: 12    XL:     8   Next: 26%
MP:   3/11          EV: 12    Int: 10    God:    Ashenzari [......]
Gold: 295           SH:  0    Dex: 11    Spells: 7/13 levels left

rFire    . . .     SeeInvis .   a - +1 dagger
rCold    + . .     Gourm    .   (no shield)
rNeg     + + +     Faith    .   k - +0 ring mail (curse)
rPois    ∞         Spirit   .   x - +1 helmet
rElec    .         Reflect  .   p - scarf {cloud immunity}
rCorr    .         Harm     .   (no gloves)
MR       .....                  (no boots)
Stlth    ++........             v - amulet of the acrobat
HPRegen  0.00/turn              (no ring)
MPRegen  0.12/turn              (no ring)

@: about to teleport, rotting
A: rotting body, claws 1, carnivore, cold resistance 1, negative energy
resistance 3, inhibited regeneration, torment resistance, unbreathing
a: Curse Item, Renounce Religion


You were on level 5 of the Dungeon.
You worshipped Ashenzari.
Ashenzari was noncommittal.
You were not hungry.

You visited 2 branches of the dungeon, and saw 6 of its levels.
You also visited: Ossuary.

You collected 295 gold pieces.

Inventory:

Hand Weapons
 a - a +1 dagger (weapon)
Missiles
 f - 2 steel javelins (quivered)
 i - 11 tomahawks
 l - 30 poisoned needles
Armour
 k - a cursed +0 ring mail (worn)
 p - a scarf of cloud immunity (worn)
 x - a +1 helmet (worn)
Jewellery
 v - an amulet of the acrobat (around neck)
Wands
 n - a wand of random effects (17)
 y - a wand of scattershot (5)
Scrolls
 b - 2 scrolls of identify
 e - a scroll of magic mapping
 h - 4 scrolls of blinking
 j - a scroll of acquirement {unknown}
 m - 4 scrolls of teleportation
 q - a scroll of remove curse
 r - a scroll of enchant weapon {unknown}
 s - 2 scrolls of amnesia {unknown}
 w - 3 scrolls of fear {unknown}
 z - a scroll of immolation {unknown}
 A - a scroll of fog {unknown}
Potions
 o - 2 potions of cancellation
 t - a potion of flight
Comestibles
 d - 10 rations


   Skills:
 + Level 1.2 Fighting
 * Level 4.0 Short Blades
 * Level 3.8 Armour
 * Level 4.2 Dodging
 + Level 4.8 Stealth
 + Level 3.0 Spellcasting
 + Level 3.5 Hexes


You had 7 spell levels left.
You knew the following spells:

 Your Spells              Type           Power        Failure   Level  Hunger
a - Corona                Hex            #......      14%         1    #......
b - Ensorcelled Hibernat  Hex/Ice        #.....       41%         2    ###....
c - Confuse               Hex            #.......     38%         3    ###....

Your spell library contained the following spells:

 Spells                   Type           Power        Failure   Level  Hunger
 Tukima's Dance           Hex            #.......     38%         3    ###....
 Dazzling Spray           Conj/Hex       #.....       65%         3    ###....


Dungeon Overview and Level Annotations

Branches:
Dungeon (5/15)             Temple (1/1) D:5

Altars:
Ashenzari
Dithmenos
Elyvilon
Fedhas
Gozag
Hepliaklqana
Kikubaaqudgha
Makhleb
Nemelex Xobeh
Okawaru
Qazlal
Ru
Sif Muna
Trog
Uskayaw
Vehumet
Wu Jian
Xom
Yredelemnul
Zin
The Shining One

Annotations:
D:5 1 runed translucent door, Eustachio; Vojta's ghost, novice MfSk


Innate Abilities, Weirdness & Mutations

Your body is rotting away.
You thrive on raw meat.
You are immune to poison.
You have sharp fingernails.
You are carnivorous and can eat meat at any time.
Your flesh is cold resistant. (rC+)
You are immune to negative energy. (rN+++)
You do not regenerate when monsters are visible.
You are immune to unholy pain and torment.
You can survive without breathing.


Message History

* * * LOW HITPOINT WARNING * * *
The shadow imp closely misses you.
The white imp hits you but does no damage.
Eustachio hits you but does no damage. The rat barely misses you.
Okay, then.
Okay, then.
Drop what? 25/52 slots (_ for help) (? for menu, Esc to quit)
You drop 2 potions of berserk rage.
The adder barely misses you. The shadow imp barely misses you.
The white imp closely misses you. The iron imp barely misses you.
Eustachio hits you with a +0 rapier.
* * * LOW HITPOINT WARNING * * *
The adder bites you but does no damage. The rat bites you but does no damage.
You barely miss Eustachio.
Eustachio is moderately wounded.
The adder closely misses you. The shadow imp barely misses you.
The white imp gestures at you. The puff of frost hits you. You resist.
* * * LOW HITPOINT WARNING * * *
Eustachio misses you. The iron imp hits you!
You die...

#######
#.....(###.#≈≈≈≈≈≈
###.### #......#
######### #.#
#####..# ###.#
#..# ....# #..#
##### #..# ##.
#..####....
#.5#S.....#
#b5@@..# #.5r####
#...b. #.##... #.#
##..# #.. ### #.#
.


You could see Eustachio, an iron imp, an adder, a white imp, a shadow imp, 2
bats and a rat.

Vanquished Creatures
  2 ogres
  2 elf zombies (Ossuary)
  A howler monkey (D:4)
  A centaur zombie (Ossuary)
  2 human zombies (Ossuary)
  2 hounds
  Terence (D:2)
  An iguana (D:3)
  Natasha (thrice) (D:4)
  An orc wizard (D:3)
  4 worker ants
  2 big kobold zombies (Ossuary)
  A hound zombie (D:5)
  2 mummies (Ossuary)
  A worker ant zombie (D:5)
  Robin (D:3)
  6 adders
  3 adder zombies
  A worm (D:5)
  4 dart slugs
  4 leopard geckos
  8 orcs
  3 giant cockroaches
  17 goblins
  15 hobgoblins
  11 jackals
  4 quokkas
  A ball python (D:1)
  6 bats
  6 frilled lizards
  9 hobgoblin zombies (Ossuary)
  A jackal zombie (Ossuary)
  11 kobolds
  10 kobold zombies (Ossuary)
  7 orc zombies (Ossuary)
  2 quokka skeletons
  11 rats
167 creatures vanquished.

Notes
Turn   | Place    | Note
-------+----------+-------------------------------------------
     0 | D:1      | Borgoz the Ghoul Enchanter began the quest for the Orb.
     0 | D:1      | Reached XP level 1. HP: 14/14 MP: 2/2
    64 | D:1      | Reached skill level 1 in Short Blades
   145 | D:1      | Reached XP level 2. HP: 15/20 MP: 3/3
  1377 | D:1      | Reached XP level 3. HP: 25/25 MP: 4/4
  2227 | D:2      | Reached skill level 1 in Armour
  2262 | D:2      | Noticed Terence
  2287 | D:2      | Killed Terence
  2287 | D:2      | Reached XP level 4. HP: 10/33 MP: 4/6
  2572 | D:2      | Learned a level 2 spell: Ensorcelled Hibernation
  2576 | D:2      | Learned a level 3 spell: Confuse
  3436 | D:3      | Reached XP level 5. HP: 15/38 MP: 2/7
  4134 | D:4      | Noticed Natasha
  4142 | D:4      | Killed Natasha
  4142 | D:4      | Reached XP level 6. HP: 37/45 MP: 1/8
  4149 | D:4      | Found a sand-covered staircase.
  4159 | Ossuary  | Entered an ossuary
  4386 | Ossuary  | HP: 2/45 [big kobold zombie (4)]
  5271 | Ossuary  | Reached XP level 7. HP: 23/48 MP: 1/9
  5950 | D:4      | Noticed Natasha
  5998 | D:4      | Noticed Robin
  6130 | D:3      | Killed Robin
  6637 | D:4      | Killed Natasha
  6637 | D:4      | Reached XP level 8. HP: 28/58 MP: 11/11
  6859 | D:5      | Entered Level 5 of the Dungeon
  6956 | D:4      | Noticed Natasha
  6963 | D:4      | Killed Natasha
  7491 | D:5      | Reached skill level 1 in Fighting
  7603 | D:5      | Found a staircase to the Ecumenical Temple.
  7621 | Temple   | Entered the Ecumenical Temple
  7762 | Temple   | Became a worshipper of Ashenzari the Shackled
  7787 | D:5      | Found a glowing silver altar of Zin.
  7791 | D:5      | Found a runed translucent door.
  7793 | D:5      | Noticed Vojta's ghost (novice MfSk)
  7973 | D:5      | Noticed Eustachio
  8004 | D:5      | Slain by an iron imp

Skill      XL: |  1  2  3  4  5  6  7  8 |
---------------+-------------------------+-----
Short Blades   | 1 2 3 4 |  4.0
Dodging        | 2 3 4 |  4.2
Armour         | 1 2 3 |  3.8
Spellcasting   | 2 3 |  3.0
Stealth        | 4 |  4.8
Hexes          | 3 |  3.5
Fighting       | 1 |  1.2

Action                   |  1- 3 |  4- 6 |  7- 9 || total
-------------------------+-------+-------+-------++-------
Melee: Dagger            |   216 |   539 |   462 ||  1217
Throw: Javelin           |       |     7 |       ||     7
       Throwing net      |       |     1 |       ||     1
 Cast: Ensorcelled Hiber |       |     8 |    12 ||    20
       Confuse           |       |     3 |     3 ||     6
Evoke: Wand              |       |     3 |     2 ||     5
  Use: Potion            |     1 |     5 |     3 ||     9
       Scroll            |       |     8 |     1 ||     9
 Stab: Sleeping          |     2 |     3 |     8 ||    13
       Held in net/web   |       |     2 |       ||     2
       Invisible         |       |       |     1 ||     1
  Eat: Chunk             |    12 |    19 |    16 ||    47
       Ration            |       |       |     1 ||     1
Armor: Robe              |    31 |     2 |       ||    33
       Ring mail         |       |   171 |   167 ||   338
Dodge: Dodged            |   134 |   304 |   331 ||   769
